AoeStats
← 1907723359

Fortress

510090626Analyzed
2v2 RM · 2d ago on Sep 29, 2026· 49m 41s· 4 players
Game mode
Random Map
Map size
Normal (6 player)
Population
200
Speed
Normal
Resources
Standard
Victory
Conquest
Starting age
Dark Age
Ending age
Imperial Age
RankedLock teamsTeams togetherTeam positionsShared explorationLock speedFull tech treeHidden civsTurbo modeCheats
Victory
Defeat
🇨🇳 Britons · China
736
+13
🇨🇳 Georgians · China
699
+15
🇫🇷 Portuguese · France
700
-15
🇵🇱 Poles · Poland
644
-13
thi1313
7:50 Feudal Age
6:51 Loom
8:29 Double-Bit Axe
11:51 Horse Collar
15:09 Castle Age
13:46 Wheelbarrow
14:39 Fletching
16:50 Horse Collar
17:33 Bow Saw
17:59 Bodkin Arrow
20:25 Heavy Plow
22:57 Hand Cart
30:13 Imperial Age
32:51 Elite Organ Gun
33:52 Conscription
35:00 Town Watch
36:20 Chemistry
35:40 Ballistics
35:17 Murder Holes
36:11 Pikeman
36:37 Arson
37:35 Bracer
37:45 Forging
37:36 Scale Mail Armor
40:23 Iron Casting
40:04 Chain Mail Armor
45:01 Blast Furnace
44:07 Scale Barding Armor
44:33 Plate Mail Armor
44:41 Husbandry
44:04 Cavalier
45:02 Arquebus
46:29 Chain Barding Armor
denarius_g
7:11 Feudal Age
8:29 Wheelbarrow
7:42 Double-Bit Axe
8:39 Horse Collar
10:40 Gold Mining
15:05 Castle Age
13:45 Bloodlines
14:31 Stone Mining
16:05 Hand Cart
16:28 Stone Shaft Mining
16:52 Bow Saw
16:44 Heavy Plow
22:06 Loom
22:07 Town Watch
26:29 Imperial Age
28:15 Cavalier
28:56 Husbandry
29:23 Conscription
29:10 Szlachta Privileges
30:31 Crop Rotation
30:40 Forging
31:25 Crossbowman
32:11 Thumb Ring
33:19 Iron Casting
32:35 Fletching
32:52 Scale Barding Armor
32:23 Arbalester
34:51 Blast Furnace
38:22 Ballistics
37:58 Murder Holes
39:04 Chemistry
39:30 Chain Barding Armor
39:05 Bodkin Arrow
39:11 Padded Archer Armor
40:01 Lechitic Legacy
43:08 Elite Skirmisher
43:27 Light Cavalry
44:13 Bracer
44:29 Leather Archer Armor
45:38 Winged Hussar
reality
8:17 Feudal Age
11:50 Castle Age
10:55 Horse Collar
11:02 Double-Bit Axe
15:52 Loom
19:09 Bow Saw
19:56 Heavy Plow
20:58 Wheelbarrow
21:01 Gold Mining
21:03 Stone Mining
22:26 Hand Cart
26:28 Imperial Age
24:25 Fletching
24:35 Padded Archer Armor
24:46 Forging
24:36 Scale Mail Armor
24:49 Pikeman
25:35 Town Watch
26:05 Squires
25:51 Gambesons
26:37 Treadmill Crane
27:05 Caravan
27:43 Conscription
26:46 Halberdier
26:46 Man-at-Arms
27:16 Arson
28:34 Gold Shaft Mining
28:17 Guilds
28:40 Coinage
29:11 Iron Casting
28:51 Chain Mail Armor
28:31 Bodkin Arrow
28:52 Leather Archer Armor
28:08 Long Swordsman
29:05 Town Patrol
30:07 Banking
29:55 Two-Handed Swordsman
31:27 Hoardings
32:08 Yeomen
31:24 Champion
32:32 Elite Longbowman
33:52 Bracer
34:23 Ring Archer Armor
34:24 Plate Mail Armor
37:59 Blast Furnace
37:30 Ring Archer Armor
40:27 Scale Barding Armor
40:45 Ballistics
40:21 Murder Holes
41:27 Chemistry
40:37 Fortified Wall
41:14 Masonry
41:52 Warwolf
46:02 Two-Man Saw
46:00 Fervor
46:11 Sanctity
45:29 Sappers
47:39 Chain Barding Armor
1907723359
8:26 Feudal Age
12:23 Castle Age
10:27 Double-Bit Axe
10:32 Horse Collar
11:20 Gold Mining
11:34 Stone Mining
12:14 Loom
12:21 Town Watch
18:13 Wheelbarrow
21:16 Hand Cart
21:34 Bow Saw
25:10 Stone Shaft Mining
24:40 Heavy Plow
24:34 Fletching
25:18 Town Patrol
28:04 Forging
28:01 Scale Barding Armor
32:38 Imperial Age
32:38 Herbal Medicine
32:58 Caravan
33:56 Bodkin Arrow
34:37 Iron Casting
34:23 Chain Barding Armor
34:43 Bloodlines
34:34 Husbandry
33:54 Light Cavalry
35:14 Hoardings
35:00 Conscription
34:46 Aznauri Cavalry
35:20 Crop Rotation
39:07 Chemistry
38:20 Fortified Wall
38:25 Masonry
38:01 Arrowslits
38:18 Bracer
39:19 Blast Furnace
38:55 Plate Barding Armor
37:45 Elite Monaspa
40:06 Coinage
39:46 Guilds
40:25 Svan Towers
40:15 Guard Tower
40:47 Ballistics
40:59 Architecture
40:26 Murder Holes
40:23 Onager
43:17 Hussar
44:50 Keep
43:56 Treadmill Crane
44:21 Siege Engineers
45:16 Banking
46:20 Siege Onager
Connection lost

Rejoining the realm…

Still unreachable

The connection could not be restored.

Session expired

The server has moved on; the page needs a fresh start.